 Dungeon Crawl Stone Soup version 0.31-a0-325-g067879e3d3 (webtiles) character file.

Game seed: 13856637681564761243

59 AdnanSaban the Trooper (level 4, -1/29 HPs)
             Began as a Gargoyle Fighter on July 18, 2023.
             Slain by a cerulean imp
             ... wielding a +2 spear
             ... summoned by Natasha
              (2 damage)
             ... on level 2 of the Dungeon.
             The game lasted 00:01:24 (1471 turns).

AdnanSaban the Trooper (Gargoyle Fighter)           Turns: 1471, Time: 00:01:25

Health: -1/29      AC: 11    Str: 22    XL:     4   Next: 3%
Magic:  4/4        EV:  9    Int:  8    God:
Gold:   71         SH:  4    Dex:  9    Spells: 3/3 levels left

rFire   . . .        a - +0 flail
rCold   . . .        c - +0 buckler
rNeg    + . .        b - +0 scale mail
rPois   ∞            f - +0 helmet
rElec   +            (no cloak)
rCorr   .            (no gloves)
SInv    .            (no boots)
Will    .....        (no amulet) Stlth
                     (no ring)
HPRegen 0.24/turn    (no ring)
MPRegen 0.09/turn

%: no passive effects
@: slowed, very slow
A: sickness immunity, AC +3, negative energy resistance 1, electricity
resistance, torment resistance 1, petrification resistance
a: no special abilities


You were on level 2 of the Dungeon.
You visited 1 branch of the dungeon, and saw 2 of its levels.

You collected 71 gold pieces.

Inventory:

Hand Weapons
 a - a +0 flail (weapon)
Armour
 b - a +0 scale mail (worn)
 c - a +0 buckler (worn)
 f - a +0 helmet (worn)
Scrolls
 g - 5 scrolls of identify {unknown}
 h - a scroll of revelation {unknown}
 i - a scroll of noise {unknown}
 j - a scroll of teleportation {unknown}
 k - a scroll of vulnerability {unknown}
 l - a scroll of amnesia {unknown}
 m - a scroll of acquirement {unknown}
 n - a scroll of immolation {unknown}
Potions
 d - a potion of might
 e - a potion of haste {unknown}


   Skills:
 + Level 3.9 Fighting
 + Level 2.8 Maces & Flails
 + Level 3.8 Armour
 + Level 3.6 Shields


You had 3 spell levels left.
You didn't know any spells.
Your spell library contained the following spells:

 Spells                   Type           Power      Damage    Failure   Level
 Wereblood                Tmut           0%         N/A       90%         2
 Irradiate                Conj/Tmut      0%         3d11      100%        5


Dungeon Overview and Level Annotations

Branches:
Dungeon (2/15)

Altars:

Annotations:
D:2 1 runed translucent door, Crazy Yiuf, Natasha


Innate Abilities, Weirdness & Mutations

You are immune to sickness and miasma.
Your stone body is resilient. (AC +3)
You are immune to poison.
You resist negative energy. (rN+)
You are resistant to electric shocks. (rElec)
You are resistant to unholy torment.
You are immune to petrification.


Message History

The cerulean imp hits you but does no damage.
You closely miss Natasha.
Natasha is moderately wounded.
Natasha mumbles some strange words.
The cerulean imp hits you but does no damage.
Natasha casts a spell at you. The magic dart hits you.
The cerulean imp hits you but does no damage.
You closely miss Natasha.
Natasha is moderately wounded.
Natasha claws you but does no damage.
The cerulean imp hits you from afar with a +0 spear.
Natasha closely misses you.
The cerulean imp hits you but does no damage.
The cerulean imp hits you from afar with a +0 spear.
You are too injured to fight recklessly!
You closely miss Natasha.
Natasha is moderately wounded.
Natasha mumbles some strange words.
Natasha shimmers violently.
Natasha claws you but does no damage. The cerulean imp barely misses you.
The cerulean imp hits you but does no damage.
Natasha claws you. The cerulean imp barely misses you.
You closely miss Natasha.
Natasha is moderately wounded.
The cerulean imp hits you but does no damage.
Natasha barely misses you.
The cerulean imp hits you but does no damage.
The cerulean imp hits you from afar with a +0 spear.
* * * LOW HITPOINT WARNING * * *
Natasha casts a spell.
You sock Natasha!
Natasha is almost dead.
The cerulean imp hits you from afar with a +2 spear.
* * * LOW HITPOINT WARNING * * *
The cerulean imp hits you from afar with a +0 spear.
* * * LOW HITPOINT WARNING * * *
You block Natasha's attack.
The cerulean imp hits you from afar with a +2 spear.
You die...

##.## #.# ... #.# ..#
##+## ..# ##...## ..#
##.....## ..# #
##.......## 5.##.##
####.........####.5.....
...'.........'..@h5.....
####.........####...#.##
.# ##.......## #.## .#
##.....## ## .# ##...##
.# ##'## .# #.# .### #.#
...# ##.##


You could see Natasha and 3 cerulean imps.

Vanquished Creatures
  An adder (D:2)
  2 worms (D:2)
  A dart slug (D:1)
  An orc (D:2)
  3 bats (D:1)
  6 endoplasms
  A giant cockroach (D:1)
  4 goblins
  3 hobgoblins (D:1)
  4 jackals (D:2)
  A quokka (D:1)
  4 ball pythons
  A frilled lizard (D:1)
  3 kobolds
  2 rats
37 creatures vanquished.

Notes
Turn   | Place    | Note
-------+----------+-------------------------------------------
     0 | D:1      | AdnanSaban the Gargoyle Fighter began the quest for the
                  | Orb.
     0 | D:1      | Reached XP level 1. HP: 14/14 MP: 1/1
   102 | D:1      | Found a faded altar of an unknown god.
   121 | D:1      | Reached XP level 2. HP: 19/19 MP: 2/2
   266 | D:1      | Reached XP level 3. HP: 21/23 MP: 3/3
  1005 | D:2      | Found a runed translucent door.
  1006 | D:2      | Noticed Crazy Yiuf
  1221 | D:2      | Reached XP level 4. HP: 23/29 MP: 4/4
  1461 | D:2      | Noticed Natasha
  1471 | D:2      | HP: 1/29 [cerulean imp/+0 spear[Natasha] (1)]
  1471 | D:2      | Slain by a cerulean imp

Illustrated notes

Levels and vault maps discovered:
D:1:      saegor_arrival_simple_a, layout_basic,
          dreamdust_ecumenical_altar_grove
D:2:      layout_loops_corners, uniq_natasha, uniq_crazy_yiuf_cottage

Action                     |  1- 3 |  4- 6 || total
---------------------------+-------+-------++-------
  Melee: Flail             |   132 |     9 ||   141
 Armour: Scale mail        |    74 |    10 ||    84
  Dodge: Dodged            |    75 |     5 ||    80
  Block: Buckler           |    22 |     2 ||    24

Table legend: (Time is in decaauts)
 A = Elapsed time spent in this place.
 B = Non-inter-level travel time spent in this place.
 C = Inter-level travel time spent in this place.
 D = Time resting spent in this place.
 E = Time spent auto-exploring this place.
 F = Levels seen in this place.
 G = Mean time per level.
                   A        B        C        D        E       F      G
               +--------+--------+--------+--------+--------+-----+--------+
         Total |   1518 |   1485 |     33 |      0 |   1173 |   2 |  759.0 |
       Dungeon |   1518 |   1485 |     33 |      0 |   1173 |   2 |  759.0 |
               +--------+--------+--------+--------+--------+-----+--------+

Top non-repeatable levels by time:
     D:2: 829 daAuts
     D:1: 688 daAuts
